 Dungeon Crawl Stone Soup version 0.30.1-11-g7821555f0a (webtiles) character file.

Game seed: 14953823894716850396

130 PaiMei the Grave Robber (level 4, -1/32 HPs)
             Began as a Demonspawn Necromancer on Jan 10, 2024.
             Killed from afar by Natasha (12 damage)
             ... with a magic dart
             ... on level 3 of the Dungeon.
             The game lasted 00:02:34 (2431 turns).

PaiMei the Grave Robber (Demonspawn Necromancer)    Turns: 2431, Time: 00:02:35

Health: -1/32      AC:  2    Str:  8    XL:     4   Next: 90%
Magic:  7/8        EV: 12    Int: 18    God:
Gold:   56         SH:  5    Dex: 14    Spells: 0/8 levels left

rFire   . . .        c - +0 spear
rCold   . . .        (no shield)
rNeg    . . .        a - +0 robe
rPois   .            (no helmet)
rElec   .            (no cloak)
rCorr   .            (no gloves)
SInv    .            (no boots)
Will    .....        j - amulet of reflection
Stlth   ++           (no ring)
HPRegen 0.25/turn    (no ring)
MPRegen 0.11/turn

%: reflection
@: no status effects
A: foul stench 1, sturdy frame 1
a: no special abilities


You were on level 3 of the Dungeon.
You visited 1 branch of the dungeon, and saw 3 of its levels.

You collected 56 gold pieces.

Inventory:

Hand Weapons
 c - a +0 spear (weapon)
Armour
 a - a +0 robe (worn)
 i - a scarf of harm
Jewellery
 j - an amulet of reflection (around neck)
Scrolls
 d - 2 scrolls of poison {unknown}
 f - 2 scrolls of immolation {unknown}
 k - a scroll of fear {unknown}
 l - 2 scrolls of identify {unknown}
 m - a scroll of teleportation {unknown}
 o - a scroll of vulnerability {unknown}
 p - 2 scrolls of magic mapping {unknown}
 r - a scroll of acquirement {unknown}
Potions
 b - a potion of magic
 e - 3 potions of curing {unknown}
 g - a potion of brilliance {unknown}
 h - a potion of attraction {unknown}
 n - 3 potions of might {unknown}
 q - a potion of flight {unknown}


   Skills:
 + Level 1.6 Fighting
 + Level 2.8 Dodging
 - Level 2.1 Stealth
 + Level 2.8 Spellcasting
 + Level 5.1 Necromancy


You couldn't memorise any spells.
You knew the following spells:

 Your Spells              Type           Power      Damage    Failure   Level
a - Necrotise             Necr           84%        1d8       1%          1
b - Vampiric Draining     Necr           21%        2d7       6%          3
c - Animate Dead          Necr           21%        N/A       21%         4

Your spell library contained the following spells:

 Spells                   Type           Power      Damage    Failure   Level
 Slow                     Hex            8%         N/A       17%         1
 Ensorcelled Hibernation  Hex/Ice        4%         N/A       26%         2
 Confusing Touch          Hex            2%         N/A       45%         3
 Spider Form              Tmut/Pois      2%         N/A       45%         3
 Anguish                  Hex/Necr       5%         N/A       50%         4
 Agony                    Necr           21%        N/A       50%         5
 Animate Armour           Summ/Erth      4%         N/A       86%         4
 Blade Hands              Tmut           1%         N/A       99%         5
 Iron Shot                Conj/Erth      1%         9d1       100%        6


Dungeon Overview and Level Annotations

Branches:
Dungeon (3/15)

Altars:

Annotations:
D:3 Natasha


Innate Abilities, Weirdness & Mutations

You may rarely emit foul miasma when damaged in melee.
Your movements are slightly less encumbered by armour. (ER -2)


Message History

Casting: Necrotise (safe; 1% risk of failure)
Confirm with . or Enter, or press ? or * to list all spells.
Aiming: Necrotise (safe; 1% risk of failure)
Press: ? - help, Shift-Dir - straight line, f/p - Natasha
Aim: Natasha (lightly wounded, chance to affect: 78%)
The adder writhes in agony.
You kill the adder!
The dead are slithering!
The orc shoots a bolt.
The bolt barely misses your adder skeleton.
The bolt hits you.
Casting: Necrotise (safe; 1% risk of failure)
Confirm with . or Enter, or press ? or * to list all spells.
You can't see any susceptible monsters within range! (Use Z to cast anyway.)
Casting: Necrotise (safe; 1% risk of failure)
Confirm with . or Enter, or press ? or * to list all spells.
You can't see any susceptible monsters within range! (Use Z to cast anyway.)
Casting: Necrotise (safe; 1% risk of failure)
Confirm with . or Enter, or press ? or * to list all spells.
You can't see any susceptible monsters within range! (Use Z to cast anyway.)
Casting: Necrotise (safe; 1% risk of failure)
Confirm with . or Enter, or press ? or * to list all spells.
You can't see any susceptible monsters within range! (Use Z to cast anyway.)
Casting: Necrotise (safe; 1% risk of failure)
Confirm with . or Enter, or press ? or * to list all spells.
You can't see any susceptible monsters within range! (Use Z to cast anyway.)
The orc shoots a bolt.
The bolt hits your adder skeleton!
Your adder skeleton barely misses the orc.
The orc shoots a bolt.
The bolt barely misses your adder skeleton.
You block the bolt with an invisible shield... and reflect it back!
The bolt hits your adder skeleton.
You destroy your adder skeleton!
You hear a shout!
There is an open door here.
The orc shoots a bolt.
The bolt hits you.
The orc shoots a bolt.
The bolt hits you but does no damage.
A goblin comes into view. It is wielding a +0 dagger.
Natasha casts a spell at you. The magic dart hits you!
You die...

#####.# ....... .......
....... .......
.[.....######## #####
......ho○...'.##### ######....
......g######.....###...##.###
.......h.....@...........>.#
.......##############.###..###
..(.... #.# #..#.. ....... #.#
#..... ....... #.# #.....
####### #.# #.)... ..# #..#..
### #..### #..# #


You could see Natasha and a goblin.

Vanquished Creatures
  An orc wizard (D:3)
  3 gnolls (D:2)
  2 adders
  A dart slug (D:2)
  3 orcs (D:3)
  8 bats
  3 endoplasms
  A giant cockroach (D:2)
  3 goblins
  3 hobgoblins
  2 jackals (D:1)
  2 kobolds
  A quokka (D:2)
  4 ball pythons
  3 frilled lizards
  A rat (D:2)
41 creatures vanquished.

Vanquished Creatures (collateral kills)
  A gnoll (D:2)
  A goblin (D:1)
2 creatures vanquished.

Grand Total: 43 creatures vanquished

Notes
Turn   | Place    | Note
-------+----------+-------------------------------------------
     0 | D:1      | PaiMei the Demonspawn Necromancer began the quest for the
                  | Orb.
     0 | D:1      | Reached XP level 1. HP: 13/13 MP: 3/3
   230 | D:1      | Gained mutation: You may rarely emit foul miasma when
                  | damaged in melee. [demonic ancestry]
   230 | D:1      | Reached XP level 2. HP: 19/19 MP: 3/5
   870 | D:2      | Gained mutation: Your movements are slightly less
                  | encumbered by armour. (ER -2) [demonic ancestry]
   870 | D:2      | Reached XP level 3. HP: 25/25 MP: 1/6
   966 | D:2      | Reached skill level 1 in Fighting
  1150 | D:2      | Reached XP level 4. HP: 32/32 MP: 5/7
  1154 | D:2      | Learned a level 3 spell: Vampiric Draining
  1159 | D:2      | Learned a level 4 spell: Animate Dead
  2054 | D:3      | Reached skill level 5 in Necromancy
  2420 | D:3      | Noticed Natasha
  2431 | D:3      | Killed from afar by Natasha

Illustrated notes

Levels and vault maps discovered:
D:1:      minmay_arrival_five_plusses, layout_rooms, minmay_misc_feat_hallway
D:2:      layout_basic
D:3:      layout_basic, mainiacjoe_overflow_two_lobes,
          hellmonk_ecumenical_altar_watching_god, hangedman_glass_teeth,
          uniq_natasha

Skill      XL: |  1  2  3  4 |
---------------+-------------+-----
Dodging        | 2 |  2.8
Stealth        | 2 |  2.1
Fighting       | 1 |  1.6
Necromancy     | 5 |  5.1
Spellcasting   | |  2.8

Action                     |  1- 3 |  4- 6 || total
---------------------------+-------+-------++-------
  Melee: Spear             |     9 |    17 ||    26
   Cast: Necrotise         |    47 |    28 ||    75
 Armour: Robe              |       |     2 ||     2
  Dodge: Dodged            |    18 |    10 ||    28
  Block: Other             |     5 |     6 ||    11
         Reflection        |       |     1 ||     1
